 Dungeon Crawl Stone Soup version 0.23.0-38-g208d714 (webtiles) character file.

Game seed: 10812787466119280229

689 Fang the Skirmisher (level 7, -10/66 HPs)
             Began as a Gargoyle Berserker on Feb 27, 2019.
             Was an Elder of Trog.
             Mangled by an ogre
             ... wielding a +0 giant club
              (20 damage)
             ... on level 5 of the Dungeon.
             The game lasted 00:04:50 (5679 turns).

Fang the Skirmisher (Gargoyle Berserker)            Turns: 5679, Time: 00:04:51

Health: -10/66     AC: 14    Str: 27    XL:     7   Next: 63%
Magic:  7/7        EV: 10    Int:  8    God:    Trog [****..]
Gold:   226        SH:  0    Dex:  9    Spells: 6/6 levels left

rFire    . . .     SeeInvis .   a - +0 hand axe
rCold    . . .     Gourm    .   (no shield)
rNeg     + . .     Faith    .   r - +0 chain mail
rPois    ∞         Spirit   .   (no helmet)
rElec    +         Reflect  .   (no cloak)
rCorr    .         Harm     .   (no gloves)
MR       .....                  (no boots)
Stlth    ..........             (no amulet)
HPRegen  0.21/turn              t - ring of stealth
MPRegen  0.10/turn              (no ring)

@: berserking, very quick
A: negative energy resistance 1, electricity resistance, unbreathing,
petrification resistance, rot immunity, AC +4
a: Berserk, Trog's Hand, Brothers in Arms, Renounce Religion


You were on level 5 of the Dungeon.
You worshipped Trog.
Trog was greatly pleased with you.
You were not hungry.

You visited 1 branch of the dungeon, and saw 5 of its levels.
You also visited: Sewer.

You collected 226 gold pieces.

Inventory:

Hand Weapons
 a - a +0 hand axe (weapon)
Armour
 r - a +0 chain mail (worn)
Jewellery
 t - a ring of stealth (left hand)
Scrolls
 f - 3 scrolls of teleportation {unknown}
 g - 6 scrolls of identify {unknown}
 h - 2 scrolls of remove curse {unknown}
 i - 3 scrolls of blinking {unknown}
 k - a scroll of fog {unknown}
 m - a scroll of enchant armour {unknown}
 p - a scroll of random uselessness {unknown}
 s - a scroll of amnesia {unknown}
Potions
 b - 2 potions of degeneration {unknown}
 d - 4 potions of might {unknown}
 e - a potion of lignification {unknown}
 l - 3 potions of cancellation {unknown}
 n - 3 potions of curing {unknown}
 o - 2 potions of heal wounds {unknown}
 q - a potion of brilliance {unknown}
 u - a potion of haste {unknown}
Comestibles
 c - 8 rations


   Skills:
 + Level 5.5 Fighting
 + Level 4.5 Axes
 + Level 4.8 Armour
 + Level 3.6 Dodging


You had 6 spell levels left.
You didn't know any spells.
Your spell library was empty.

Dungeon Overview and Level Annotations

Branches:
Dungeon (5/15)
 Temple: D:4-7

Altars:
Cheibriados
Dithmenos
Fedhas
Gozag
Uskayaw
Zin
The Shining One


Innate Abilities, Weirdness & Mutations

You are resistant to torment.
Your stone body is resilient. (AC +4)
You are immune to poison.
You resist negative energy. (rN+)
You are resistant to electric shocks. (rElec)
You can survive without breathing.
You are immune to petrification.
You are immune to rotting.


Message History

You are too injured to fight recklessly!
You are too injured to fight recklessly!
You are too injured to fight recklessly!
You are too injured to fight recklessly!
You are too injured to fight recklessly!
You are too injured to fight recklessly!
A red film seems to cover your vision as you go berserk!
You feel yourself moving faster!
You feel mighty!
You feel quite a bit more hungry. The ogre hits you with a +0 giant club!
* * * LOW HITPOINT WARNING * * *
You feel a strong urge to attack something.
You hit the ogre.
The ogre is lightly wounded.
You barely miss the ogre.
An ice beast comes into view.
You slash the ogre!
The ogre is heavily wounded.
You hit the ogre.
The ogre hits you with a +0 giant club!!
You die...

#.###########.# #.#
#.# #.###########.##
#......÷<......#
##############....###
#......>..............
.####..######....####
#.####..## ######
#....O@..# #....O...#
#..!..$..# ##.........
#..........
########....Y .....
.....


You could see an ice beast and 2 ogres.

Vanquished Creatures
  Sigmund (D:2)
  A crimson imp (D:5)
  An orc priest (D:3)
  An orc wizard (D:4)
  Crazy Yiuf (D:2)
  An iguana (D:4)
  2 worker ants (D:4)
  3 gnolls (D:4)
  14 adders
  2 river rats (D:3)
  7 worms
  3 dart slugs
  5 leopard geckos
  12 orcs
  6 bats
  7 giant cockroaches
  10 goblins
  13 hobgoblins
  3 jackals
  A quokka (D:4)
  5 ball pythons
  5 frilled lizards
  16 kobolds
  9 rats
  4 plants (Sewer)
133 creatures vanquished.

Notes
Turn   | Place    | Note
-------+----------+-------------------------------------------
     0 | D:1      | Fang the Gargoyle Berserker began the quest for the Orb.
     0 | D:1      | Reached XP level 1. HP: 14/14 MP: 1/1
    58 | D:1      | You fall through a shaft!
    69 | D:2      | Reached XP level 2. HP: 19/19 MP: 2/2
   260 | D:2      | Reached XP level 3. HP: 17/23 MP: 3/3
   669 | D:2      | Found an opulent altar of Gozag.
   738 | D:2      | Found a hide-covered altar of Uskayaw.
   769 | D:2      | Reached ** piety under Trog
   818 | D:2      | Reached XP level 4. HP: 25/29 MP: 4/4
  1085 | D:2      | Found a runed translucent door.
  1086 | D:2      | Noticed Crazy Yiuf
  1178 | D:2      | Reached skill level 4 in Fighting
  1272 | D:2      | Noticed Sigmund
  1282 | D:2      | Killed Sigmund
  1282 | D:2      | Reached XP level 5. HP: 34/34 MP: 5/5
  1282 | D:2      | Reached XP level 6. HP: 39/39 MP: 6/6
  1369 | D:2      | Found a snail-covered altar of Cheibriados.
  1735 | D:2      | Killed Crazy Yiuf
  2615 | D:3      | Found a glowing drain.
  2621 | Sewer    | Entered a sewer
  2842 | Sewer    | Reached skill level 5 in Fighting
  2973 | Sewer    | Reached *** piety under Trog
  3629 | D:3      | Found a glowing silver altar of Zin.
  3930 | D:3      | Reached XP level 7. HP: 39/44 MP: 7/7
  4856 | D:4      | Reached **** piety under Trog
  5049 | D:4      | Found a blossoming altar of Fedhas.
  5143 | D:4      | Found a shadowy altar of Dithmenos.
  5143 | D:4      | Found a glowing golden altar of the Shining One.
  5201 | D:4      | Received a gift from Trog
  5612 | D:5      | Entered Level 5 of the Dungeon
  5679 | D:5      | Mangled by an ogre

Skill      XL: |  1  2  3  4  5  6 |
---------------+-------------------+-----
Axes           | 3 4 |  4.5
Dodging        | 2 3 |  3.6
Armour         | 3 4 |  4.8
Fighting       | 4 5 |  5.5

Action                   |  1- 3 |  4- 6 |  7- 9 || total
-------------------------+-------+-------+-------++-------
Melee: Hand axe          |    89 |   449 |   196 ||   734
       Unarmed           |       |     3 |       ||     3
Invok: Berserk           |     2 |     3 |     4 ||     9
 Stab: Sleeping          |     1 |       |       ||     1
  Eat: Chunk             |     2 |    14 |     9 ||    25
Armor: Animal skin       |    26 |     6 |       ||    32
       Scale mail        |       |   118 |       ||   118
       Chain mail        |       |    20 |   126 ||   146
Dodge: Dodged            |    58 |   210 |   103 ||   371
